 Seeded DCSS version 0.28.0-47-ge53b351184 (webtiles) character file.

Game seed: 987 (custom seed)

907 xaos the Cutter (level 8, -3/57 HPs)
             Began as a Human Wanderer on May 7, 2022.
             Was a Believer of the Shining One.
             Slain by ShadowYui's ghost (9 damage)
             ... on level 5 of the Dungeon on May 8, 2022.
             The game lasted 00:29:51 (6285 turns).

xaos the Cutter (Human Wanderer)                    Turns: 6285, Time: 00:29:53

Health: -3/57      AC: 12    Str: 16    XL:     8   Next: 29%
Magic:  17/17      EV: 11    Int:  9    God:    the Shining One [**....]
Gold:   197        SH:  5    Dex: 15    Spells: 1/7 levels left

rFire   . . .      SeeInvis +   G - +1 dire flail (vorpal)
rCold   + . .      Faith    .   (shield currently unavailable)
rNeg    + . .      Spirit   .   c - +2 ring mail {rC+}
rPois   .          Reflect  +   a - +1 helmet {SInv}
rElec   .          Harm     .   m - +0 cloak
rCorr   .          Rampage  .   q - +0 pair of gloves
Will    +....                   (no boots)
Stlth   +.........              j - amulet of reflection
HPRegen 0.19/turn               v - ring of magical power
MPRegen 0.15/turn               n - ring of willpower

@: glowing
A: no striking features
a: Renounce Religion, Divine Shield


You were on level 5 of the Dungeon.
You worshipped the Shining One.
The Shining One was pleased with you.
You visited 1 branch of the dungeon, and saw 5 of its levels.

You collected 197 gold pieces.

Inventory:

Hand Weapons
 f - a +2 short sword of speed
 G - a +1 vorpal dire flail (weapon)
Missiles
 g - 19 arrows
 l - 30 bolts
 y - 8 javelins
 F - 5 atropa-tipped darts
Armour
 a - a +1 helmet of see invisible (worn)
 c - a +2 ring mail of cold resistance (worn)
 m - a +0 cloak (worn)
 q - a +0 pair of gloves (worn)
 u - a +3 leather armour of fire resistance
 D - an orb of light
Jewellery
 e - a +6 ring of intelligence
 j - an amulet of reflection (around neck)
 n - a ring of willpower (right hand)
 v - a ring of magical power (left hand)
 B - a ring of poison resistance
Wands
 h - a wand of acid (12)
 w - a wand of paralysis (3)
 A - a wand of flame (5) (quivered)
Scrolls
 b - a scroll of teleportation
 d - a scroll of identify
 s - a scroll of blinking
Potions
 i - 2 potions of brilliance
 k - 2 potions of flight {unknown}
 o - 2 potions of curing {unknown}
 r - a potion of might {unknown}
 t - 2 potions of degeneration {unknown}
 x - 2 potions of lignification {unknown}
 C - a potion of berserk rage {unknown}
 E - a potion of invisibility {unknown}


   Skills:
 + Level 2.6 Fighting
 + Level 7.2 Short Blades
 + Level 0.5 Maces & Flails
 + Level 1.9 Throwing
 + Level 3.0 Armour
 + Level 2.6 Dodging
 + Level 2.6 Stealth
 + Level 2.4 Shields
 + Level 1.0 Unarmed Combat
 + Level 0.1 Conjurations
 + Level 0.5 Invocations
 + Level 1.6 Evocations


You had one spell level left.
You knew the following spells:

 Your Spells              Type           Power      Damage    Failure   Level
a - Magic Dart            Conj           0%         1d3       58%         1
b - Sting                 Tmut/Pois      0%         1d3       58%         1
c - Poisonous Vapours     Pois/Air       0%         N/A       75%         2
d - Searing Ray           Conj           0%         2d4       73%         2

Your spell library contained the following spells:

 Spells                   Type           Power      Damage    Failure   Level
 Sublimation of Blood     Necr           0%         N/A       75%         2
 Wereblood                Tmut           0%         N/A       75%         2
 Fulminant Prism          Conj/Hex       0%         3d6       100%        4
 Olgreb's Toxic Radiance  Pois           0%         N/A       100%        4
 Summon Hydra             Summ           0%         N/A       100%        7


Dungeon Overview and Level Annotations

Branches:
Dungeon (5/15)
 Temple: D:4-7

Altars:
The Shining One

Annotations:
D:5 ShadowYui's ghost, amateur MiFi


Message History

You hit ShadowYui's ghost.
ShadowYui's ghost is severely damaged.
The howler monkey hoots and howls with incredible vigour!
You block ShadowYui's ghost's attack.
You hit ShadowYui's ghost.
ShadowYui's ghost is severely damaged.
ShadowYui's ghost hits you but does no damage.
You hit ShadowYui's ghost but do no damage.
ShadowYui's ghost is severely damaged.
ShadowYui's ghost closely misses you.
An orc comes into view. It is wielding a +0 short sword.
ShadowYui's ghost completely misses you.
You barely miss ShadowYui's ghost.
ShadowYui's ghost is severely damaged.
ShadowYui's ghost hits you!
* * * LOW HITPOINT WARNING * * *
You hit ShadowYui's ghost but do no damage.
ShadowYui's ghost is severely damaged.
The howler monkey hoots and howls with incredible vigour!
ShadowYui's ghost keens inconsolably.
ShadowYui's ghost barely misses you.
You hear a shout!
You hit ShadowYui's ghost.
ShadowYui's ghost is almost destroyed.
ShadowYui's ghost hits you!
* * * LOW HITPOINT WARNING * * *
You block the orc's attack. You block ShadowYui's ghost's attack.
You hit ShadowYui's ghost.
ShadowYui's ghost is almost destroyed.
An orc wizard comes into view.
It is wielding a +0 dagger and wearing a +2 robe of fire resistance.
The orc closely misses you.
ShadowYui's ghost hits you but does no damage.
You hit ShadowYui's ghost but do no damage.
ShadowYui's ghost is almost destroyed.
The orc hits you with a +0 club.
* * * LOW HITPOINT WARNING * * *
The orc hits you with a +0 short sword.
* * * LOW HITPOINT WARNING * * *
ShadowYui's ghost hits you!
You die...

#........# #........#
#.......# ## ##....)##
##..##.....#
#..........#§§§# ###
#.##..##.#§h§##..#.
####.....##W##.?...
##.####...#§@§§...#
#...#.....#§oo#..##
##.........#§§§...#
#......#.........## .
#......#....#.....#..
#####.###......#.o......
..###.###...#........o..
..##...##..##.........##
...#......####........##


You could see a howler monkey, an orc wizard, ShadowYui's ghost and 2 orcs.

Vanquished Creatures
  Grinder (D:4)
  Sigmund (D:2)
  Edmund (D:4)
  An ogre (D:5)
  A bullfrog zombie (D:5)
  Ijyb (D:3)
  Jessica (D:2)
  Natasha (thrice) (D:2)
  Robin (D:4)
  3 gnolls
  A howler monkey skeleton (D:5)
  3 adders (D:3)
  5 dart slugs
  3 worms (D:2)
  6 orcs
  6 ball pythons
  6 endoplasms
  3 giant cockroaches
  20 goblins
  9 hobgoblins
  4 quokkas
  6 bats
  3 frilled lizards
  10 kobolds
  6 rats
105 creatures vanquished.

Notes
Turn   | Place    | Note
-------+----------+-------------------------------------------
     0 | D:1      | xaos the Human Wanderer began the quest for the Orb.
     0 | D:1      | xaos set off with the following items: a +0 rapier, a
                  | scroll of teleportation, a +0 buckler, a +0 leather armour
     0 | D:1      | Reached XP level 1. HP: 15/15 MP: 1/1
    23 | D:1      | Found a faded altar of an unknown god.
   198 | D:1      | Reached XP level 2. HP: 20/21 MP: 2/2
   889 | D:1      | Reached XP level 3. HP: 26/26 MP: 3/3
   893 | D:1      | You fall into a shaft and drop 1 floor!
   946 | D:1      | Prayed at the altar of an unknown god.
   946 | D:1      | Became a worshipper of the Shining One
   946 | D:1      | Reached * piety under the Shining One
  1397 | D:1      | Reached skill level 5 in Short Blades
  1678 | D:2      | Noticed Sigmund
  1700 | D:2      | Killed Sigmund
  1701 | D:2      | Reached skill level 1 in Armour
  1701 | D:2      | Reached XP level 4. HP: 19/32 MP: 4/4
  1701 | D:2      | Reached XP level 5. HP: 22/37 MP: 5/5
  1701 | D:2      | Reached XP level 6. HP: 26/43 MP: 6/6
  1969 | D:2      | Noticed Natasha
  2221 | D:2      | Killed Natasha
  2371 | D:2      | Noticed Natasha
  2395 | D:2      | Killed Natasha
  2461 | D:2      | Noticed Jessica
  2467 | D:2      | Reached skill level 6 in Short Blades
  2473 | D:2      | Killed Jessica
  2490 | D:2      | Noticed Natasha
  2510 | D:2      | Killed Natasha
  3574 | D:3      | Identified the +1 robe "Jafykepo" {rF+ rN+ Will- Int+2}
  3727 | D:3      | Noticed Ijyb
  3747 | D:3      | Killed Ijyb
  3878 | D:3      | Reached XP level 7. HP: 50/50 MP: 7/7
  3908 | D:3      | Learned a level 1 spell: Magic Dart
  4353 | D:3      | Reached ** piety under the Shining One
  4939 | D:4      | Noticed Grinder
  4947 | D:4      | Paralysed by Grinder for 2 turns
  5439 | D:4      | Killed Grinder
  5440 | D:4      | Reached skill level 1 in Throwing
  5706 | D:4      | Learned a level 1 spell: Sting
  5709 | D:4      | Learned a level 2 spell: Poisonous Vapours
  5712 | D:4      | Learned a level 2 spell: Searing Ray
  5840 | D:4      | Noticed Robin
  5846 | D:4      | Noticed Edmund
  5856 | D:4      | Killed Robin
  5888 | D:4      | Killed Edmund
  5889 | D:4      | Reached skill level 7 in Short Blades
  5889 | D:4      | Reached skill level 1 in Evocations
  5889 | D:4      | Reached XP level 8. HP: 36/57 MP: 8/8
  6176 | D:5      | Entered Level 5 of the Dungeon
  6238 | D:5      | Found a runed translucent door.
  6258 | D:5      | Noticed ShadowYui's ghost (amateur MiFi)
  6285 | D:5      | Slain by ShadowYui's ghost

Illustrated notes

Levels and vault maps discovered:
D:1:      wander_arrival_lonely_grave, layout_basic,
          hellmonk_ecumenical_altar_pennies_from_heaven, corner_web_ring,
          minmay_hexomino_c4
D:2:      layout_rooms, minmay_misc_feat_encased, kennysheep_boxes,
          uniq_natasha, uniq_sigmund, uniq_jessica
D:3:      layout_basic, dk_noncrumbling_2, uniq_ijyb
D:4:      layout_rooms, uniq_grinder, uniq_edmund, uniq_robin
D:5:      layout_cave_pools, general_overflow_altar, lemuel_temple_firewalk_b,
          ebering_ghost_inner_flame, nicolae_ossuary_entry_plus

Skill      XL: |  1  2  3  4  5  6  7  8 |
---------------+-------------------------+-----
Short Blades   | 5 6 7 |  7.2
Armour         | 1 2 3 |  3.0
Fighting       | 2 |  2.6
Shields        | 2 |  2.4
Throwing       | 1 |  1.9
Dodging        | 2 |  2.6
Evocations     | 1 |  1.6
Maces & Flails | |  0.5
Stealth        | |  2.6
Unarmed Combat | |  1.0
Conjurations   | |  0.1
Invocations    | |  0.5

Action                   |  1- 3 |  4- 6 |  7- 9 || total
-------------------------+-------+-------+-------++-------
Melee: Rapier            |    46 |       |       ||    46
       Short sword       |    46 |   114 |   129 ||   289
       Dire flail        |       |       |    33 ||    33
Throw: Dart              |     1 |     8 |    10 ||    19
       Javelin           |       |       |     4 ||     4
Invok: Divine Shield     |     1 |     1 |       ||     2
Evoke: Wand              |       |       |    17 ||    17
  Use: Potion            |     1 |     1 |       ||     2
       Scroll            |       |     1 |     1 ||     2
 Stab: Sleeping          |     1 |       |       ||     1
Armor: Leather armour    |    16 |     5 |    17 ||    38
       Ring mail         |     2 |    10 |    11 ||    23
Dodge: Dodged            |    39 |    36 |    50 ||   125
Block: Buckler           |    19 |    33 |    11 ||    63
       Reflection        |       |     1 |       ||     1
       Orb               |       |       |     9 ||     9
       Other             |       |       |    11 ||    11
